 Dungeon Crawl Stone Soup version 0.21.1-1-g345015f (webtiles) character file.

3831 empire the Fencer (level 9, -2/70 HPs)
             Began as a Minotaur Fighter on May 29, 2018.
             Engulfed by a cloud of flame (14 damage)
             ... on level 7 of the Dungeon.
             The game lasted 00:12:44 (5407 turns).

empire the Fencer (Minotaur Fighter)                Turns: 5407, Time: 00:12:45

Health: -2/70      AC: 15    Str: 26    XL:     9   Next: 98%
Magic:  10/10      EV:  7    Int:  6    God:
Gold:   283        SH: 10    Dex: 11    Spells: 8/8 levels left

rFire    . . .     SeeInvis .   a - +1 long sword
rCold    . . .     Gourm    .   c - +0 shield
rNeg     . . .     Faith    +   A - +0 plate armour
rPois    .         Spirit   .   (helmet restricted)
rElec    .         Reflect  .   (no cloak)
rCorr    +         Harm     .   (no gloves)
MR       .....                  (no boots)
Stlth    ..........             i - amulet of faith
HPRegen  0.21/turn              v - +4 ring of strength
MPRegen  0.12/turn              b - ring of resist corrosion

@: vulnerable
A: retaliatory headbutt, horns 2
a: no special abilities


You were on level 7 of the Dungeon.
You were not hungry.

You visited 2 branches of the dungeon, and saw 8 of its levels.

You collected 283 gold pieces.

Inventory:

Hand Weapons
 a - a +1 long sword (weapon)
 g - a +1 dagger of chaos
 t - a +1 dagger of speed
 y - a +0 whip of flaming
 z - a +0 dagger of venom
 C - a +2 dagger of flaming
 D - a +2 short sword of venom
 E - the +3 mace of Freehold {drain, rF+}
   (You found it on level 5 of the Dungeon)

   A truly terrible weapon, it drains the life of those it strikes.
   It protects you from fire.
 I - a +0 spear of piercing
 J - a +1 shortbow of flaming
Missiles
 p - 7 javelins (quivered)
Armour
 c - a +0 shield (worn)
 A - a +0 plate armour (worn)
Jewellery
 b - a ring of resist corrosion (right hand)
 i - an amulet of faith (around neck)
 j - an uncursed ring of stealth {unknown}
 v - a +4 ring of strength (left hand)
Wands
 o - a wand of paralysis (23)
 x - a wand of digging (8)
Scrolls
 e - 2 scrolls of noise
 m - 2 scrolls of teleportation
 n - 2 scrolls of amnesia
 q - 2 scrolls of remove curse
 K - a scroll of identify
Potions
 d - 2 potions of might
 h - a potion of brilliance
 k - a potion of resistance
 l - a potion of haste
 r - a potion of degeneration
 s - a potion of flight
 u - a potion of heal wounds
 F - a potion of agility
Books
 w - a book of Necromancy

   Spells                             Type                      Level
   a - Pain                           Necromancy                   1
   b - Animate Skeleton               Necromancy                   1
   c - Vampiric Draining              Necromancy                   3
   d - Regeneration                   Charms/Necromancy            3
   e - Animate Dead                   Necromancy                   4
   f - Borgnjor's Vile Clutch         Necromancy/Earth             5
Comestibles
 f - 8 rations


   Skills:
 - Level 3.6 Fighting
 - Level 15.0 Long Blades
 - Level 4.4 Throwing
 - Level 11.8 Armour
 + Level 4.0 Dodging
 - Level 5.0 Shields
 + Level 3.0 Evocations


You had 8 spell levels left.
You didn't know any spells.

Dungeon Overview and Level Annotations

Branches:
Dungeon (7/15)             Temple (1/1) D:5

Altars:
Ashenzari
Dithmenos
Elyvilon
Fedhas
Gozag
Hepliaklqana
Makhleb
Nemelex Xobeh
Okawaru
Qazlal
Ru
Sif Muna
Trog
Vehumet
Wu Jian
Xom
Yredelemnul
The Shining One


Innate Abilities, Weirdness & Mutations

You reflexively headbutt those who attack you in melee.
You have a pair of horns on your head.


Message History

Your +0 long sword glows red for a moment.
As you read the scroll labeled FEWARONAF, it crumbles to dust.
The creatures around you are filled with an inner flame!
It was a scroll of immolation.
As you read the scroll labeled YRHUAS RICE, it crumbles to dust.
Magic quickly surges around you.
It was a scroll of vulnerability.
The worker ant bites you but does no damage.
Found a puce potion.
You slash the worker ant!
The worker ant explodes!
The fiery explosion engulfs you!
You are engulfed in blazing flames.
You hear a shout! x2
You are engulfed in blazing flames.
* * * LOW HITPOINT WARNING * * *
Found 13 stones and a chunk of flesh.
You feel much better.
You are engulfed in blazing flames.
* * * LOW HITPOINT WARNING * * *
Okay, then.
You are engulfed in blazing flames.
You die...

. ##### ..
#<%.# ...
#..<# ....
#.§§# .....
#.§§#......
#.§@§......
#..........
#...#.....(
#...#....%.
#.....#.!..
#.... #.##.
####. # ..


There were no monsters in sight!

Vanquished Creatures
  Pikel (D:6)
  Grinder (D:3)
  Edmund (D:5)
  A phantom (D:6)
  3 ogres
  4 centaurs
  Blork the orc (D:6)
  A bullfrog (D:6)
  A scorpion (D:6)
  A crimson imp (D:4)
  3 orc wizards
  An orc priest (D:5)
  5 hounds
  2 iguanas
  4 worker ants
  Robin (D:3)
  9 adders
  7 gnolls (D:4)
  3 oozes (D:1)
  An adder zombie (D:4)
  A dart slug (D:1)
  3 leopard geckos
  24 orcs
  5 bats
  7 giant cockroaches
  10 hobgoblins
  10 jackals
  3 quokkas
  2 ball pythons (D:2)
  7 frilled lizards
  11 goblins
  5 kobolds
  A leopard gecko skeleton (D:4)
  5 rats
145 creatures vanquished.

Vanquished Creatures (others)
  Sigmund (D:6)
  An adder zombie (D:6)
  3 orcs (D:6)
  A fungus (D:6)
6 creatures vanquished.

Grand Total: 151 creatures vanquished

Notes
Turn   | Place    | Note
-------+----------+-------------------------------------------
     0 | D:1      | empire the Minotaur Fighter began the quest for the Orb.
     0 | D:1      | Reached XP level 1. HP: 19/19 MP: 0/0
   151 | D:1      | Reached skill level 3 in Long Blades
   151 | D:1      | Reached XP level 2. HP: 21/26 MP: 1/1
   638 | D:1      | Reached XP level 3. HP: 26/31 MP: 2/2
   775 | D:1      | Reached skill level 4 in Long Blades
  1091 | D:2      | Reached XP level 4. HP: 19/39 MP: 3/3
  1207 | D:2      | Reached skill level 5 in Long Blades
  1270 | D:2      | Reached skill level 1 in Throwing
  1270 | D:2      | Reached skill level 5 in Armour
  1275 | D:2      | Reached XP level 5. HP: 26/45 MP: 4/4
  1806 | D:3      | Noticed Grinder
  1815 | D:3      | Paralysed by Grinder for 5 turns
  1824 | D:3      | Paralysed by Grinder for 5 turns
  1841 | D:3      | Killed Grinder
  1841 | D:3      | Reached XP level 6. HP: 20/51 MP: 5/5
  2203 | D:3      | Noticed Robin
  2221 | D:3      | Killed Robin
  2221 | D:3      | Reached skill level 1 in Dodging
  2689 | D:4      | Reached skill level 1 in Evocations
  2689 | D:4      | Reached XP level 7. HP: 28/57 MP: 6/6
  2691 | D:4      | Reached skill level 15 in Long Blades
  2691 | D:4      | Reached XP level 8. HP: 16/64 MP: 7/7
  2749 | D:4      | Reached XP level 9. HP: 70/70 MP: 8/8
  2849 | D:4      | Found a burning altar of Makhleb.
  2850 | D:4      | Found a shimmering altar of Xom.
  2937 | D:4      | Found a sacrificial altar of Ru.
  3217 | D:4      | Found a bloodstained altar of Trog.
  3745 | D:5      | Entered Level 5 of the Dungeon
  3745 | D:5      | Noticed Edmund
  3762 | D:5      | Killed Edmund
  4183 | D:5      | Found a staircase to the Ecumenical Temple.
  4203 | Temple   | Entered the Ecumenical Temple
  4485 | D:5      | Got a crystal mace
  4493 | D:5      | Identified the +3 mace of Freehold {drain, rF+} (You found it on level 5 of the Dungeon)
  4704 | D:6      | Reached skill level 5 in Shields
  4705 | D:6      | Noticed Sigmund
  4814 | D:6      | Noticed Pikel
  4826 | D:6      | Killed Pikel
  4845 | D:6      | Killed Sigmund
  4990 | D:6      | Noticed Blork the orc
  5004 | D:6      | Killed Blork the orc
  5179 | D:6      | Found a blossoming altar of Fedhas.
  5407 | D:7      | Engulfed by a cloud of flame

Skill      XL: |  1  2  3  4  5  6  7  8  9 |
---------------+----------------------------+-----
Long Blades    | 3 4 5 15 | 15.0
Armour         | 4 5 11 | 11.8
Throwing       | 1 4 |  4.4
Dodging        | 1 2 4 |  4.0
Shields        | 4 5 |  5.0
Evocations     | 1 3 |  3.0
Fighting       | |  3.6

Action                   |  1- 3 |  4- 6 |  7- 9 || total
-------------------------+-------+-------+-------++-------
Melee: Long sword        |   106 |   137 |   224 ||   467
       Headbutt          |    13 |    23 |    43 ||    79
  Use: Potion            |       |       |     8 ||     8
       Scroll            |       |       |    17 ||    17
  Eat: Chunk             |       |     6 |     9 ||    15
Armor: Scale mail        |    48 |    14 |       ||    62
       Chain mail        |       |    41 |    35 ||    76
       Skin              |       |       |    90 ||    90
       Plate armour      |       |       |    85 ||    85
Dodge: Dodged            |    31 |    35 |    73 ||   139
Block: Shield            |    49 |    72 |   167 ||   288
       Rpst.: Long sword |     7 |     8 |    20 ||    35
